 Dungeon Crawl Stone Soup version 0.31-a0-977-gc230f8ef24 (webtiles) character file.

Game seed: 8489466505517593206

6040 BinkBink the Grappler (level 10, -3/102 HPs)
             Began as a Troll Monk on Oct 29, 2023.
             Was a High Priest of Qazlal.
             Slain by a death yak (25 damage)
             ... on level 8 of the Dungeon.
             The game lasted 00:15:02 (6235 turns).

BinkBink the Grappler (Troll Monk)                  Turns: 6235, Time: 00:15:02

Health: -3/102     AC:  8    Str: 21    XL:     10   Next: 56%
Magic:  9/9        EV: 13    Int:  6    God:    Qazlal [*****.]
Gold:   614        SH:  7    Dex: 16    Spells: 9/9 levels left

rFire   . .          .
                       - Unarmed
rCold   . . .        c - orb {light}
rNeg    . . .        v - +1 robe {Will+}
rPois   .            z - +0 hat
rElec   .            (no cloak)
rCorr   .            (gloves unavailable)
SInv    .            (boots unavailable)
Will    +....        (no amulet)
Stlth   +            (no ring)
HPRegen 1.17/turn    (no ring)
MPRegen 0.11/turn

%: repel missiles
@: protected from physical damage, glowing, studying Shields
A: large, unfitting armour, claws 3, regeneration 1, shaggy fur 1, tough skin 1
a: Renounce Religion, Upheaval, Elemental Force, Disaster Area


You were on level 8 of the Dungeon.
You worshipped Qazlal.
Qazlal was extremely pleased with you.
You visited 1 branch of the dungeon, and saw 8 of its levels.
You also visited: Bailey.

You collected 614 gold pieces.

Inventory:

Missiles
 a - a throwing net
Armour
 c - an orb of light (worn)
 v - a +1 robe of willpower (worn)
 z - a +0 hat (worn)
Jewellery
 b - a ring of magical power
 e - an amulet of faith
Talismans
 g - a maw talisman
Wands
 j - a wand of quicksilver (10)
 p - a wand of roots (22)
Scrolls
 d - 3 scrolls of immolation
 f - 4 scrolls of enchant armour
 i - 2 scrolls of torment
 o - 2 scrolls of revelation
 s - 3 scrolls of noise
 u - a scroll of silence
 w - 5 scrolls of enchant weapon
 y - a scroll of teleportation
 C - 3 scrolls of identify
 D - a scroll of fog {unknown}
Potions
 h - a potion of mutation {unknown}
 k - 3 potions of magic {unknown}
 m - 2 potions of might {unknown}
 n - 2 potions of degeneration {unknown}
 q - a potion of cancellation {unknown}
 r - 2 potions of haste {unknown}
 t - 2 potions of brilliance {unknown}
 x - a potion of curing {unknown}
 A - a potion of invisibility {unknown}
 B - 2 potions of lignification {unknown}


   Skills:
 + Level 7.2 Fighting
 + Level 7.2 Dodging
 + Level 8.6 Unarmed Combat
 + Level 7.1 Shapeshifting


You had 9 spell levels left.
You didn't know any spells.
Your spell library contained the following spells:

 Spells                   Type           Power      Damage    Failure   Level
 Magic Dart               Conj           0%         1d3       45%         1
 Slow                     Hex            0%         N/A       45%         1
 Call Imp                 Summ           0%         N/A       58%         2
 Cigotuvi's Dreadful Rot  Necr/Pois/Air  0%         N/A       58%         2
 Ensorcelled Hibernation  Hex/Ice        0%         N/A       58%         2
 Passwall                 Tmut/Erth      0%         N/A       58%         2
 Confusing Touch          Hex            0%         N/A       83%         3
 Mephitic Cloud           Conj/Pois/Air  0%         N/A       83%         3
 Sigil of Binding         Hex            0%         N/A       83%         3
 Swiftness                Air            0%         N/A       83%         3
 Vampiric Draining        Necr           0%         2d6       83%         3
 Dispel Undead            Necr           0%         3d6       99%         4
 Death Channel            Necr           0%         N/A       100%        6
 Malign Gateway           Summ/Tloc      0%         N/A       100%        7
 Summon Horrible Things   Summ           0%         N/A       100%        8


Dungeon Overview and Level Annotations

Branches:
Dungeon (8/15)             Temple (0/1) D:4          Bailey (visited)
   Lair: D:8-11

Altars:
Cheibriados
Qazlal
Sif Muna

Shops:
D:3 =


Innate Abilities, Weirdness & Mutations

You are too large for most types of armour.
You have claws for hands.
Your natural rate of healing is unusually fast.
You are covered in fur. (AC +1)
You have tough skin. (AC +1)


Message History

You block the death yak's attack.
You scratch the death yak.
The death yak is severely wounded.
The death yak gores you!
You feel more protected from physical attacks.
You claw the death yak!
The death yak is almost dead.
The death yak barely misses you.
You mangle the death yak!!
You kill the death yak!
Qazlal accepts your kill.
Your Shapeshifting skill increases to level 7!
You scratch the death yak but do no damage.
The death yak misses you.
You mangle the death yak!!
The death yak is moderately wounded.
The death yak barely misses you.
The hell rat twitches its whiskers.
You scratch the death yak.
The death yak is moderately wounded.
The death yak gores you!
You claw the death yak!
The death yak is heavily wounded.
The death yak gores you!
* * * LOW HITPOINT WARNING * * *
You claw the death yak!
The death yak is severely wounded.
You claw the death yak!
The death yak is almost dead.
The death yak gores you.
* * * LOW HITPOINT WARNING * * *
You scratch the death yak.
The death yak is almost dead.
The death yak closely misses you.
Okay, then.
You scratch the death yak but do no damage.
The death yak is almost dead.
The death yak is engulfed in blazing flames.
The death yak gores you!!
You die...

#.###.# #.#.#.# ### #.#.#.##
#@# .#
#######.#.#..###Y########.
...............rYr.......
................r.....#.#
........................# #
.................##.##..#.#..
###.####..#..##..##..........
#.# #..#.................#
#.####..#......##Y##..#.#.#


You could see 2 death yaks, a hell rat, a river rat and a quokka.

Vanquished Creatures
  A death yak (D:8)
  Pikel (D:4)
  The ghost of Conn the Sneak, a novice OpFE (D:6)
  Sigmund (D:5)
  An acid dragon (D:8)
  3 water moccasins
  10 orc warriors (Bailey)
  An ice beast (D:6)
  2 black bears
  2 ogres (D:4)
  11 centaurs
  2 lemures (D:5)
  2 bullfrogs
  2 scorpions
  9 wights
  3 killer bees (D:8)
  3 howler monkeys (D:6)
  An electric eel (D:6)
  3 jellies
  A gnoll bouda (D:6)
  6 orc priests
  4 hounds
  4 iguanas
  3 orc wizards
  10 gnolls
  7 adders
  4 ufetubi
  2 worms
  3 dart slugs
  61 orcs
  9 endoplasms
  A giant cockroach (D:3)
  12 hobgoblins
  2 jackals (D:3)
  11 kobolds
  A quokka (D:4)
  7 ball pythons
  7 bats
  3 frilled lizards
  12 goblins
  9 rats
238 creatures vanquished.

Vanquished Creatures (others)
  2 orcs (Bailey)
2 creatures vanquished.

Grand Total: 240 creatures vanquished

Notes
Turn   | Place    | Note
-------+----------+-------------------------------------------
     0 | D:1      | BinkBink the Troll Monk began the quest for the Orb.
     0 | D:1      | Reached XP level 1. HP: 22/22 MP: 0/0
   154 | D:1      | Reached XP level 2. HP: 29/29 MP: 1/1
   583 | D:2      | Found a stormy altar of Qazlal.
   651 | D:2      | Became a worshipper of Qazlal Stormbringer
   651 | D:2      | Reached * piety under Qazlal
   651 | D:2      | Reached ** piety under Qazlal
   811 | D:2      | Reached XP level 3. HP: 36/36 MP: 2/2
  1242 | D:3      | Reached skill level 1 in Shapeshifting
  1283 | D:3      | Reached XP level 4. HP: 27/44 MP: 3/3
  1359 | D:3      | Found a snail-covered altar of Cheibriados.
  1535 | D:3      | You fall into a shaft and drop 2 floors!
  1535 | D:5      | Entered Level 5 of the Dungeon
  1543 | D:5      | Reached XP level 5. HP: 53/53 MP: 4/4
  1568 | D:5      | Noticed a water moccasin
  1573 | D:5      | Reached skill level 4 in Unarmed Combat
  1578 | D:5      | Killed a water moccasin
  1579 | D:5      | Reached XP level 6. HP: 33/61 MP: 5/5
  2017 | D:3      | Reached *** piety under Qazlal
  2047 | D:3      | Found Jehistra's One-of-a-Kind Rings.
  2359 | D:4      | Reached XP level 7. HP: 60/68 MP: 6/6
  2431 | D:4      | Reached skill level 5 in Unarmed Combat
  2506 | D:4      | Identified the +3 long sword "Rufanofi" {freeze, *Slow
                  | Str+2 SInv}
  2530 | D:4      | Found a staircase to the Ecumenical Temple.
  2765 | D:5      | Reached XP level 8. HP: 39/79 MP: 7/7
  2915 | D:5      | Noticed Pikel
  2941 | D:4      | Killed Pikel
  2942 | D:4      | Reached skill level 5 in Fighting
  2942 | D:4      | Reached skill level 5 in Dodging
  2942 | D:4      | Reached skill level 6 in Unarmed Combat
  3004 | D:5      | Reached **** piety under Qazlal
  3053 | D:5      | Noticed Sigmund
  3067 | D:5      | Killed Sigmund
  3068 | D:5      | Reached skill level 5 in Shapeshifting
  3083 | D:5      | Found a stormy altar of Qazlal.
  3142 | D:5      | Reached XP level 9. HP: 80/88 MP: 8/8
  3512 | D:6      | Found a large runed translucent door.
  3512 | D:6      | Found a large runed translucent door.
  3517 | D:6      | Noticed Conn's ghost (novice OpFE)
  3524 | D:6      | Killed Conn's ghost
  3525 | D:6      | Reached skill level 7 in Unarmed Combat
  3957 | D:6      | Found a shimmering blue altar of Sif Muna.
  3958 | D:6      | Reached ***** piety under Qazlal
  4175 | D:6      | Identified the +2 scale mail of Ked Pop {rF+ Int+2 Slay+2
                  | SInv}
  4803 | D:7      | Found a flagged portal.
  4810 | Bailey   | Entered a bailey
  5037 | Bailey   | Reached XP level 10. HP: 79/100 MP: 9/9
  5126 | Bailey   | Reached skill level 8 in Unarmed Combat
  5316 | Bailey   | HP: 5/100 [orc warrior/+0 trident (7)]
  6200 | D:8      | Noticed a death yak
  6202 | D:8      | Noticed a death yak
  6204 | D:8      | Noticed a death yak
  6227 | D:8      | Killed a death yak
  6235 | D:8      | Slain by a death yak

Illustrated notes

Levels and vault maps discovered:
D:1:      dpeg_arrival_subterranean_lakeside_camping, layout_rooms,
          grunt_decor_resistance
D:2:      minmay_skewed_foursquare, layout_basic, basic_altar
D:3:      layout_loops_ring, cheibriados_altar_1, nicolae_shop_unique_rings
D:4:      layout_gridville, minmay_temple_entry_mist
D:5:      layout_cave_pools, amcnicky_altar_gilded, uniq_pikel, uniq_sigmund
D:6:      corexii_shantytown, layout_loops_ring, kennysheep_mini_moat,
          enter_ossuary_5, ebering_ghost_disaster_area, serial_aquarium,
          aquarium_bridge_square [aquarium_subvault_wall,
          aquarium_subvault_bridge, aquarium_subvault_wall,
          aquarium_subvault_wall], aquarium_window_fake, aquarium_window_1,
          aquarium_window_3, aquarium_window_fake, aquarium_view_2c,
          aquarium_view_2e, aquarium_balcony_3b, minmay_misc_feat_iff,
          chequers_hall_statues_wall_a, kennysheep_small_spiral
D:7:      layout_loops_ring, enter_bailey_2, sigmund_army
D:8:      layout_basic, dpeg_lair_monsters, minmay_misc_feat_columns

Skill      XL: |  1  2  3  4  5  6  7  8  9 10 |
---------------+-------------------------------+-----
Dodging        | 3 4 5 6 7 |  7.2
Shapeshifting  | 1 2 3 5 6 7 |  7.1
Fighting       | 3 4 5 6 7 |  7.2
Unarmed Combat | 4 5 6 7 8 |  8.6

Action                     |  1- 3 |  4- 6 |  7- 9 | 10-12 || total
---------------------------+-------+-------+-------+-------++-------
  Melee: Unarmed           |    66 |    90 |   312 |   105 ||   573
    Use: Scroll            |       |       |    10 |     3 ||    13
         Potion            |       |       |       |     4 ||     4
 Armour: Robe              |    33 |    42 |   174 |   112 ||   361
  Dodge: Dodged            |    17 |    39 |   152 |   121 ||   329
         Repelled          |       |       |     1 |       ||     1
  Block: Orb               |     4 |     9 |    61 |    43 ||   117

Table legend: (Time is in decaauts)
 A = Elapsed time spent in this place.
 B = Non-inter-level travel time spent in this place.
 C = Inter-level travel time spent in this place.
 D = Time resting spent in this place.
 E = Time spent auto-exploring this place.
 F = Levels seen in this place.
 G = Mean time per level.
                   A        B        C        D        E       F      G
               +--------+--------+--------+--------+--------+-----+--------+
         Total |   6171 |   5725 |    446 |    452 |   3540 |   9 |  685.7 |
       Dungeon |   5360 |   4914 |    446 |    269 |   3394 |   8 |  670.0 |
        Bailey |    811 |    811 |      0 |    183 |    146 |   1 |  811.0 |
               +--------+--------+--------+--------+--------+-----+--------+

Top non-repeatable levels by time:
     D:6: 1265 daAuts
  Bailey: 811 daAuts
     D:3: 808 daAuts
     D:5: 784 daAuts
     D:2: 646 daAuts
     D:7: 622 daAuts
     D:1: 578 daAuts
     D:4: 493 daAuts
     D:8: 160 daAuts
